 Dungeon Crawl Stone Soup version 0.31-a0-237-g2d982f9f85 (webtiles) character file.

Game seed: 11822828605650541242

35 qw the Shooter (level 3, -9/29 HPs)
             Began as a Minotaur Hexslinger on July 11, 2023.
             Mangled by an ice beast (14 damage)
             ... on level 6 of the Dungeon.
             The game lasted 00:00:26 (1846 turns).

qw the Shooter (Minotaur Hexslinger)                Turns: 1846, Time: 00:00:27

Health: -9/29      AC:  2    Str: 12    XL:     3   Next: 17%
Magic:  3/3        EV: 13    Int: 10    God:
Gold:   117        SH:  0    Dex: 20    Spells: 3/4 levels left

rFire   . . .        Y - +1 sling
rCold   . . .        (no shield)
rNeg    . . .        c - +0 robe
rPois   .            (helmet restricted)
rElec   .            (no cloak)
rCorr   .            (no gloves)
SInv    .            (no boots)
Will    .....        f - amulet of regeneration
Stlth   ++           b - +6 ring of dexterity
HPRegen 1.04/turn    (no ring)
MPRegen 0.08/turn

%: no passive effects
@: no status effects
A: horns 2, retaliatory headbutt
a: no special abilities


You were on level 6 of the Dungeon.
You visited 1 branch of the dungeon, and saw 4 of its levels.

You collected 117 gold pieces.


Innate Abilities, Weirdness & Mutations

You have a pair of horns on your head.
You reflexively headbutt those who attack you in melee.


   Skills:
 - Level 2.0 Fighting
 + Level 3.8 Ranged Weapons
 - Level 2.1 Dodging
 - Level 1.0 Spellcasting
 - Level 2.0 Hexes


You had 3 spell levels left.
You knew the following spells:

 Your Spells              Type           Power      Damage    Failure   Level
a - Slow                  Hex            16%        N/A       16%         1

Your spell library contained the following spells:

 Spells                   Type           Power      Damage    Failure   Level
 Inner Flame              Hex/Fire       2%         N/A       56%         3
 Portal Projectile        Hex/Tloc       4%         N/A       56%         3
 Cause Fear               Hex            2%         N/A       83%         4

Inventory:

Hand Weapons
 Y - a +1 sling (weapon)
Armour
 c - a +0 robe (worn)
Jewellery
 b - a +6 ring of dexterity (left hand)
 f - an amulet of regeneration (around neck)
Scrolls
 e - 3 scrolls of identify

Dungeon Overview and Level Annotations

Branches:
Dungeon (6/15)
 Temple: D:4-7

Altars:


Message History

1832 ||| PLANNING SEWER An ice beast comes into view.
You shoot a sling bullet.
The sling bullet hits the ice beast but does no damage.
You shoot a sling bullet.
The sling bullet hits the ice beast but does no damage.
You shoot a sling bullet. The sling bullet hits the ice beast.
The ice beast is lightly wounded.
You shoot a sling bullet.
The sling bullet closely misses the ice beast.
You shoot a sling bullet. The sling bullet hits the ice beast.
The ice beast is moderately wounded.
You shoot a sling bullet. The sling bullet hits the ice beast.
The ice beast is moderately wounded.
The ice beast misses you.
You shoot a sling bullet. The sling bullet hits the ice beast.
The ice beast is moderately wounded.
The ice beast hits you. The ice beast freezes you!
You shoot a sling bullet. The sling bullet hits the ice beast.
The ice beast is heavily wounded.
The ice beast closely misses you.
You shoot a sling bullet.
The sling bullet closely misses the ice beast.
The ice beast hits you. The ice beast freezes you!
You shoot a sling bullet.
The sling bullet hits the ice beast but does no damage.
The ice beast is heavily wounded.
The ice beast hits you but does no damage.
The ice beast barely misses you.
You shoot a sling bullet.
The sling bullet barely misses the ice beast.
The ice beast barely misses you.
You shoot a sling bullet.
The sling bullet closely misses the ice beast.
The ice beast barely misses you.
You shoot a sling bullet.
The sling bullet hits the ice beast but does no damage.
The ice beast is heavily wounded.
The ice beast hits you. The ice beast freezes you!
You die...

### #.#######.#
#######.........#
..>...Y@.........
##.####.#########
.... ..##.## ...
#.. .. ### .


You could see an ice beast.

Vanquished Creatures
  A dart slug (D:2)
  3 ball pythons
  6 endoplasms
  A hobgoblin (D:2)
  4 jackals
  2 quokkas
  3 bats (D:1)
  5 frilled lizards
  A goblin (D:2)
  2 kobolds (D:1)
  4 rats
32 creatures vanquished.

Notes
Turn   | Place    | Note
-------+----------+-------------------------------------------
     0 | D:1      | qw the Minotaur Hexslinger began the quest for the Orb.
     0 | D:1      | Reached XP level 1. HP: 16/16 MP: 1/1
     0 | D:1      | 0 ||| qw: Version: 0.3-a-52-g30416fa
     0 | D:1      | 0 ||| qw: Game counter: 5631
     0 | D:1      | 0 ||| qw: Melee chars always use a shield: true
     0 | D:1      | 0 ||| qw: God list: Okawaru
     0 | D:1      | 0 ||| qw: Allow faded altars: false
     0 | D:1      | 0 ||| qw: Do Orc after clearing Dungeon:15 true
     0 | D:1      | 0 ||| qw: Do second Lair branch before Depths: true
     0 | D:1      | 0 ||| qw: Lair rune preference: random
     0 | D:1      | 0 ||| qw: Goals: Normal
     0 | D:1      | 0 ||| PLANNING D:1-11
   268 | D:1      | Reached skill level 3 in Ranged Weapons
   268 | D:1      | Reached XP level 2. HP: 23/23 MP: 2/2
   778 | D:1      | 778 ||| UPGRADING to amulet of regeneration.
   783 | D:1      | 783 ||| READING scroll labelled IBU IBIXUGH.
   784 | D:1      | 784 ||| READING 2 scrolls labelled WAUPUL CAOTWEE.
   785 | D:1      | 785 ||| READING scroll labelled ULAILA TENIMAU.
   886 | D:1      | 886 ||| DROPPING scroll of poison.
  1061 | D:2      | Reached XP level 3. HP: 29/29 MP: 3/3
  1769 | D:2      | Identified the +10 hand axe of Plog {vamp, +Blink Str+5
                  | Dex-2}
  1786 | D:2      | 1786 ||| UPGRADING to +6 ring of dexterity.
  1787 | D:2      | 1787 ||| READING scroll labelled REUFEO ASACIENT.
  1788 | D:2      | 1788 ||| READING scroll labelled ZOCVEL ONORR.
  1793 | D:2      | 1793 ||| READING scroll labelled NURIMUOMIP.
  1831 | D:3      | You fall into a shaft and drop 3 floors!
  1832 | D:6      | 1832 ||| PLANNING SEWER
  1833 | D:6      | Noticed an ice beast
  1842 | D:6      | HP: 5/29 [ice beast (7)]
  1846 | D:6      | Mangled by an ice beast

Levels and vault maps discovered:
D:1:      scummos_arrival_forest, layout_basic, serial_bayou,
          serial_bayou_crossing, serial_bayou_pond_a, serial_bayou_pond_a,
          serial_bayou_pond_a
D:2:      minmay_skewed_foursquare, layout_basic
D:3:      layout_loops_ring, guppyfry_early_orc_mine
D:6:      layout_basic, ashenzari_altar_1, portal_sewer_entry_f,
          minmay_strange_pillars, nicolae_elevator_lobby_asterisk

Skill      XL: |  1  2 |
---------------+-------+-----
Ranged Weapons | 3 |  3.8
Fighting       | 2 |  2.0
Dodging        | |  2.1
Spellcasting   | |  1.0
Hexes          | |  2.0

Action                     || total
---------------------------++-------
   Fire: Sling             ||    86
    Use: Scroll            ||     6
 Armour: Robe              ||     4
  Dodge: Dodged            ||    21

Table legend:
 A = Non-vault XP
 B = Vault XP
 C = Vault XP percentage of total XP
 D = Non-vault monster count
 E = Vault monster count
 F = Vault count percentage of total count
                 A         B        C        D         E       F
            +---------+---------+-------+---------+---------+-------
      Total |      43 |       8 |  15.7 |      28 |       4 |  12.5
            +---------+---------+-------+---------+---------+-------
        D:1 |      29 |       0 |   0.0 |      20 |       0 |   0.0
        D:2 |      12 |       8 |  40.0 |       7 |       4 |  36.4
        D:3 |       2 |       0 |   0.0 |       1 |       0 |   0.0
            +---------+---------+-------+---------+---------+-------
